 Dungeon Crawl Stone Soup version 0.29-a0-322-g68df515428 (webtiles) character file.

Game seed: 4945227648818705340

198 zishaf the Shooter (level 6, -1/47 HPs)
             Began as a Human Hunter on Apr 6, 2022.
             Slain by a gnoll
             ... wielding a +0 halberd
              (13 damage)
             ... on level 3 of the Dungeon.
             The game lasted 00:03:21 (1567 turns).

zishaf the Shooter (Human Hunter)                   Turns: 1567, Time: 00:03:22

Health: -1/47      AC:  5    Str: 12    XL:     6   Next: 5%
Magic:  0/6        EV: 11    Int:  9    God:
Gold:   54         SH:  0    Dex: 24    Spells: 5/5 levels left

rFire   . . .      SeeInvis .   a - +1 shortbow
rCold   . . .      Faith    .   (shield currently unavailable)
rNeg    . . .      Spirit   +   e - +0 ring mail
rPois   .          Reflect  .   (no helmet)
rElec   .          Harm     .   (no cloak)
rCorr   .          Rampage  .   (no gloves)
Will    .....                   (no boots)
Stlth   ++........              g - amulet of guardian spirit
HPRegen 0.15/turn               d - +6 ring of dexterity
MPRegen 0.10/turn               (no ring)

@: no status effects
A: no striking features
a: no special abilities


You were on level 3 of the Dungeon.
You visited 1 branch of the dungeon, and saw 3 of its levels.

You collected 54 gold pieces.

Inventory:

Hand Weapons
 a - a +1 shortbow (weapon)
Armour
 b - a +0 leather armour
 e - a +0 ring mail (worn)
Jewellery
 d - a +6 ring of dexterity (left hand)
 g - an amulet of guardian spirit (around neck)
Scrolls
 c - 2 scrolls of immolation
 h - a scroll of teleportation {unknown}
 j - 2 scrolls of identify {unknown}
 k - a scroll of acquirement {unknown}
 n - a scroll of noise {unknown}
 o - 2 scrolls of enchant armour {unknown}
 p - a scroll of torment {unknown}
 s - a scroll of blinking {unknown}
Potions
 f - a potion of might {unknown}
 i - 2 potions of curing {unknown}
 l - a potion of haste {unknown}
 m - a potion of lignification {unknown}
 q - a potion of attraction {unknown}
 r - a potion of berserk rage {unknown}


   Skills:
 + Level 3.4 Fighting
 * Level 5.6 Bows
 + Level 2.2 Armour
 - Level 2.0 Dodging
 - Level 1.0 Stealth


You had 5 spell levels left.
You didn't know any spells.
Your spell library contained the following spells:

 Spells                   Type           Power      Damage    Failure   Level
 Magic Dart               Conj           0%         1d3       65%         1
 Searing Ray              Conj           0%         2d4       80%         2
 Fulminant Prism          Conj/Hex       0%         3d6       100%        4


Dungeon Overview and Level Annotations

Branches:
Dungeon (3/15)

Altars:
Dithmenos


Message History

The gnoll hits you from afar with a +0 halberd!
The gnoll hits you but does no damage.
You shoot an arrow. The arrow closely misses the gnoll.
The arrow hits the gnoll but does no damage.
The gnoll closely misses you.
You shoot an arrow. The arrow hits the gnoll!
You kill the gnoll!
The gnoll closely misses you.
You have reached level 6!
You shoot an arrow. The arrow hits the gnoll.
The gnoll is moderately wounded.
The gnoll closely misses you.
You shoot an arrow. The arrow closely misses the gnoll.
The gnoll hits you from afar with a +0 halberd.
You shoot an arrow. The arrow hits the gnoll.
The gnoll is heavily wounded.
The gnoll hits you from afar with a +0 halberd!
The gnoll closely misses you.
You are too injured to fight recklessly!
You are too injured to fight recklessly!
You are too injured to fight recklessly!
Shoot: a) +1 shortbow
Press: ? - help, Q - select action Shift-Dir - straight line, f/p - gnoll
Aim: a gnoll, wielding a +0 halberd (heavily wounded, 71% to hit)
You shoot an arrow. The arrow closely misses the gnoll.
The gnoll barely misses you.
Shoot: a) +1 shortbow
Press: ? - help, Q - select action Shift-Dir - straight line, f/p - gnoll
Aim: a gnoll, wielding a +0 halberd (heavily wounded, 71% to hit)
You shoot an arrow. The arrow closely misses the gnoll.
The gnoll hits you from afar with a +0 halberd!
* * * LOW HITPOINT WARNING * * *
Shoot: a) +1 shortbow
Press: ? - help, Q - select action Shift-Dir - straight line, f/p - gnoll
Aim: a gnoll, wielding a +0 halberd (heavily wounded, 71% to hit)
You shoot an arrow. The arrow hits the gnoll.
The gnoll is severely wounded.
The gnoll barely misses you.
The gnoll hits you from afar with a +0 halberd!
You die...

..........
.......#
..........# #
.......#
........(.##.##
...<..#####
......g........
.......##..
........#....
.......##.#
............
.......##.#
#..#.....".
.......##.#
#####.#)......
........#.#
#.@)g...#
.....†..#.#
###.###.#.#
.....#..#.###...#
#...#
.#.####....>..###
#..##
##...........##
#..#
##..........#
#..# #..........#
##.#
#..####...... .#
##.# ##....##


You could see a gnoll.

Vanquished Creatures
  Natasha (thrice) (D:2)
  3 gnolls (D:3)
  5 adders
  2 dart slugs (D:2)
  7 ball pythons
  6 endoplasms (D:1)
  6 goblins
  2 jackals (D:2)
  3 kobolds
  2 quokkas
  2 bats
  3 frilled lizards
  7 rats
51 creatures vanquished.

Notes
Turn   | Place    | Note
-------+----------+-------------------------------------------
     0 | D:1      | zishaf the Human Hunter began the quest for the Orb.
     0 | D:1      | Reached XP level 1. HP: 16/16 MP: 1/1
   172 | D:1      | Reached XP level 2. HP: 22/22 MP: 2/2
   704 | D:1      | Reached XP level 3. HP: 28/28 MP: 3/3
   918 | D:2      | Reached skill level 1 in Armour
   928 | D:2      | Found a shadowy altar of Dithmenos.
   933 | D:2      | Reached XP level 4. HP: 34/34 MP: 4/4
  1178 | D:2      | Noticed Natasha
  1186 | D:2      | Killed Natasha
  1187 | D:2      | Reached skill level 5 in Bows
  1290 | D:2      | Noticed Natasha
  1294 | D:2      | Killed Natasha
  1295 | D:2      | Reached XP level 5. HP: 40/41 MP: 5/5
  1368 | D:2      | Found a shadowy altar of Dithmenos.
  1463 | D:2      | Noticed Natasha
  1465 | D:2      | Killed Natasha
  1562 | D:3      | Reached XP level 6. HP: 34/47 MP: 4/6
  1567 | D:3      | Slain by a gnoll

Illustrated notes

Levels and vault maps discovered:
D:1:      dpeg_arrival_long_road, layout_loops_corners
D:2:      layout_rooms, basic_altar, hangedman_decor_push, uniq_natasha
D:3:      layout_rooms, mainiacjoe_overflow_concentric_impassable

Skill      XL: |  1  2  3  4  5 |
---------------+----------------+-----
Armour         | 1 2 |  2.2
Fighting       | 3 |  3.4
Bows           | 5 |  5.6
Dodging        | |  2.0
Stealth        | |  1.0

Action                   |  1- 3 |  4- 6 || total
-------------------------+-------+-------++-------
 Fire: Shortbow          |    54 |    70 ||   124
Armor: Ring mail         |     5 |    10 ||    15
Dodge: Dodged            |     8 |    26 ||    34

Table legend: (Time is in decaauts)
 A = Elapsed time spent in this place.
 B = Non-inter-level travel time spent in this place.
 C = Inter-level travel time spent in this place.
 D = Time resting spent in this place.
 E = Time spent auto-exploring this place.
 F = Levels seen in this place.
 G = Mean time per level.
                   A        B        C        D        E       F      G
               +--------+--------+--------+--------+--------+-----+--------+
         Total |   1612 |   1572 |     40 |      0 |   1284 |   3 |  537.3 |
       Dungeon |   1612 |   1572 |     40 |      0 |   1284 |   3 |  537.3 |
               +--------+--------+--------+--------+--------+-----+--------+

Top non-repeatable levels by time:
     D:1: 855 daAuts
     D:2: 654 daAuts
     D:3: 102 daAuts
